 Dungeon Crawl Stone Soup version 0.21-a0-225-g207ae17 (webtiles) character file.

39 tehllama the Skirmisher (level 3, -6/36 HPs)
             Began as a Naga Berserker on Aug 28, 2017.
             Was a Believer of Trog.
             Mangled by a gnoll
             ... wielding a +4 halberd
              (12 damage)
             ... on level 2 of the Dungeon.
             The game lasted 00:02:00 (1172 turns).

tehllama the Skirmisher (Naga Berserker)            Turns: 1172, Time: 00:02:01

Health: -6/36      AC:  5    Str: 20    XL:     3   Next: 47%
Magic:  3/3        EV:  9    Int:  7    God:    Trog [**....]
Gold:   23         SH:  0    Dex: 10    Spells: 2/2 levels left

rFire    . . .     SeeInvis +   a - +0 spear
rCold    . . .     Gourm    .   (no shield)
rNeg     . . .     Faith    .   h - +0 ring mail
rPois    +         Spirit   .   m - +0 helmet (curse)
rElec    .         Reflect  .   (no cloak)
rCorr    .         Harm     .   (no gloves)
MR       ++...                  (no barding)
Stlth    ..........             (no amulet)
HPRegen  1.12/turn              (no ring)
MPRegen  0.08/turn              (no ring)

@: berserk cooldown, regenerating, slowed, very slow
A: see invisible, deformed body, poison resistance, slowness 2, slow metabolism
1, spit poison 1, AC +1
a: Spit Poison, Berserk, Trog's Hand, Burn Spellbooks, Renounce Religion


You were on level 2 of the Dungeon.
You worshipped Trog.
Trog was pleased with you.
You were very hungry.

You visited 1 branch of the dungeon, and saw 2 of its levels.

You collected 23 gold pieces.

Inventory:

Hand Weapons
 a - a +0 spear (weapon)
Armour
 b - a +0 animal skin
 h - a +0 ring mail (worn)
 m - a cursed +0 helmet (worn)
Scrolls
 e - 2 scrolls of identify {unknown}
 i - a scroll of teleportation {unknown}
 j - a scroll of blinking {unknown}
 l - a scroll of recharging {unknown}
 p - 6 scrolls of remove curse {unknown}
Potions
 f - a potion of haste {unknown}
 g - a potion of flight {unknown}
 k - a potion of curing {unknown}
 o - a potion of heal wounds {unknown}
Comestibles
 c - 2 bread rations
 d - a meat ration


   Skills:
 * Level 3.7 Fighting
 * Level 3.3 Polearms
 + Level 1.9 Armour
 + Level 1.8 Dodging


You had 2 spell levels left.
You didn't know any spells.

Dungeon Overview and Level Annotations

Branches:
Dungeon (2/15)

Altars:


Innate Abilities, Weirdness & Mutations

You cannot wear boots.
Your serpentine skin is tough. (AC +1)
You have supernaturally acute eyesight. (SInv)
Armour fits poorly on your strangely shaped body.
Your system is resistant to poisons. (rPois)
You cover ground very slowly.
You have a slow metabolism.
You can spit poison.


Message History

Things that are here:
2 chunks of flesh; 3 chunks of flesh Your skin crawls.
You feel resistant to hostile enchantments.
You feel somewhat more hungry.
The gnoll closely misses you. 2 gnolls come into view.
A gnoll is wielding a whip of freezing.
The gnoll shouts! x2
The gnoll moves out of view.
The gnoll hits you from afar with an enchanted halberd!
* * * LOW HITPOINT WARNING * * *
The gnoll hits you from afar with an enchanted halberd.
* * * LOW HITPOINT WARNING * * *
The gnoll barely misses you. The gnoll hits you.
* * * LOW HITPOINT WARNING * * *
Found a bread ration.
You feel the effects of Trog's Hand fading.
The gnoll closely misses you. The gnoll hits you.
* * * LOW HITPOINT WARNING * * *
The gnoll hits you from afar with an enchanted halberd!
You die...

#.# ##.###..#
#.# #(###..###
#.# #.(.......
#.#####.%(...###
#............#
#######.....##
#.g.g.# ###g####
#..@...#
#...###.# #.%.#
#...# #....
#####


You could see 3 gnolls.

Vanquished Creatures
  A worm (D:2)
  A dart slug (D:1)
  A ball python (D:2)
  4 giant cockroaches
  A goblin (D:1)
  4 hobgoblins
  4 jackals (D:2)
  4 bats
  3 frilled lizards (D:1)
  6 kobolds
  4 rats (D:1)
33 creatures vanquished.

Notes
Turn   | Place    | Note
-------+----------+-------------------------------------------
     0 | D:1      | tehllama the Naga Berserker began the quest for the Orb.
     0 | D:1      | Reached XP level 1. HP: 21/21 MP: 1/1
   219 | D:1      | Reached XP level 2. HP: 16/28 MP: 2/2
   966 | D:2      | Reached XP level 3. HP: 21/34 MP: 3/3
  1155 | D:2      | Reached ** piety under Trog
  1172 | D:2      | Mangled by a gnoll

Vault maps used:
D:1:      nzn_arrival_settlement
D:2:      minitemple, first_bread, uniq_robin

Action                   || total
-------------------------++-------
Melee: Spear             ||   125
Invok: Berserk           ||     1
       Trog's Hand       ||     1
Armor: Animal skin       ||     1
       Ring mail         ||    28
Dodge: Dodged            ||    59

Table legend:
 A = Spawn XP
 B = Non-spawn XP
 C = Spawn XP percentage of total XP
 D = Spawn monster count
 E = Non-spawn monster count
 F = Spawn count percentage of total count
 G = Total turns spent on level
                    A         B        C        D         E        F      G
               +---------+---------+-------+---------+---------+-------+---------
         Total |       6 |      51 |  10.5 |       4 |      29 |  12.1 |  1172
               +---------+---------+-------+---------+---------+-------+---------
           D:1 |       2 |      27 |   6.9 |       2 |      17 |  10.5 |   893
           D:2 |       4 |      24 |  14.3 |       2 |      12 |  14.3 |   279
               +---------+---------+-------+---------+---------+-------+---------
